 Dungeon Crawl Stone Soup version 0.24-a0-416-g56ce5178b7 (webtiles) character file.

Game seed: 5045541711605200365

276 MachJacob the Magician (level 6, -1/49 HPs)
             Began as a Naga Wizard on June 9, 2019.
             Slain by a phantom (6 damage)
             ... on level 6 of the Dungeon.
             The game lasted 00:12:07 (4436 turns).

MachJacob the Magician (Naga Wizard)                Turns: 4436, Time: 00:12:08

Health: -1/49      AC:  5    Str:  9    XL:     6   Next: 25%
Magic:  0/11       EV: 10    Int: 20    God:
Gold:   166        SH:  0    Dex: 10    Spells: 3/12 levels left

rFire    . . .     SeeInvis +   a - +2 short sword (holy)
rCold    . . .     Gourm    .   (no shield)
rNeg     . . .     Faith    .   k - +0 robe
rPois    +         Spirit   .   b - +1 hat
rElec    .         Reflect  .   o - +0 cloak
rCorr    .         Harm     .   (no gloves)
MR       +....                  (no barding)
Stlth    ++........             (no amulet)
HPRegen  0.16/turn              n - ring of protection from magic
MPRegen  0.12/turn              (no ring)

@: very slow
A: large, see invisible, deformed body, poison resistance, slowness 2, slow
metabolism 1, spit poison 1, AC +2
a: Spit Poison


You were on level 6 of the Dungeon.
You were very hungry.

You visited 1 branch of the dungeon, and saw 5 of its levels.

You collected 166 gold pieces.

Inventory:

Hand Weapons
 a - a +2 short sword of holy wrath (weapon)
Missiles
 r - 13 stones (quivered)
Armour
 b - a +1 hat (worn)
 c - a +0 leather armour
 k - a +0 robe (worn)
 o - a +0 cloak (worn)
Jewellery
 j - a cursed ring of teleportation {unknown}
 n - a ring of protection from magic (left hand)
 q - a +3 ring of intelligence {unknown}
Scrolls
 e - 2 scrolls of teleportation
 f - 2 scrolls of identify
 h - a scroll of remove curse {unknown}
 i - a scroll of enchant armour
 p - a scroll of amnesia {unknown}
Potions
 g - 2 potions of magic
 l - a potion of cancellation {unknown}
 m - a potion of flight {unknown}
 s - a potion of brilliance {unknown}
 w - a potion of mutation {unknown}
Comestibles
 d - 5 rations


   Skills:
 + Level 2.6 Dodging
 - Level 3.0 Stealth
 + Level 3.7 Spellcasting
 - Level 3.0 Conjurations
 - Level 3.0 Summonings
   Level 1.0 Translocations
 + Level 0.9 Air Magic
 * Level 2.2 Poison Magic


You had 3 spell levels left.
You knew the following spells:

 Your Spells              Type           Power        Failure   Level  Hunger
a - Magic Dart            Conj           ###.         3%          1    None
b - Call Imp              Summ           ###.....     6%          2    ##.....
c - Conjure Flame         Conj/Fire      #.......     22%         3    ###....
d - Mephitic Cloud        Conj/Pois/Air  ##......     17%         3    ###....

Your spell library contained the following spells:

 Spells                   Type           Power        Failure   Level  Hunger
 Blink                    Tloc           N/A          13%         2    ##.....
 Slow                     Hex            #.......     21%         2    ##.....


Dungeon Overview and Level Annotations

Branches:
Dungeon (4/15)
 Temple: D:4-7

Altars:


Innate Abilities, Weirdness & Mutations

You cannot wear boots.
Your serpentine skin is tough. (AC +2)
You have supernaturally acute eyesight. (SInv)
Armour fits poorly on your strangely shaped body.
Your system is resistant to poisons. (rPois)
You cover ground very slowly.
You have a slow metabolism.
You can spit poison.


Message History

Your crimson imp hits the phantom but does no damage.
Your shadow imp closely misses the phantom.
Your crimson imp hits the phantom.
The phantom hits your crimson imp but does no damage.
Your crimson imp barely misses the phantom.
Your shadow imp hits the phantom but does no damage.
Your crimson imp blinks!
The phantom blinks!
Casting: Magic Dart (safe; 3% risk of failure)
Confirm with . or Enter, or press ? or * to list all spells.
Aiming: Magic Dart (safe; 3% risk of failure)
Press: ? - help, Shift-Dir - straight line, f/p - phantom
Aim: a phantom (almost destroyed)
The magic dart hits the phantom but does no damage.
The phantom is almost destroyed.
Your crimson imp barely misses the phantom.
You hit the phantom but do no damage.
The phantom is almost destroyed.
The phantom hits you.
You die...

#..# #..# # #..##
.. ##§.. .##
#.###.§.##....
#.....[5...# #...#
##.55#########
#...5W@.......
#.###....#########
#....#..##
#####.###
...W..[.#
#########


You could see a phantom, 2 friendly crimson imps and a friendly shadow imp.

Vanquished Creatures
  Natasha (D:2)
  A worker ant (D:3)
  7 adders (D:2 D:3)
  2 oozes (D:1)
  2 dart slugs (D:3)
  2 leopard geckos (D:1 D:3)
  An orc (D:3)
  5 giant cockroaches (D:1 D:2)
  7 goblins (D:1 D:2)
  9 hobgoblins (D:1 D:3)
  4 jackals (D:1)
  10 bats (D:1 D:2 D:3)
  3 frilled lizards (D:1 D:2)
  9 kobolds (D:1 D:2 D:3)
  8 rats (D:1 D:2 D:3)
71 creatures vanquished.

Vanquished Creatures (collateral kills)
  A jelly (D:6)
  A centaur skeleton (D:2)
  A bullfrog skeleton (D:6)
  Natasha (twice) (D:2)
5 creatures vanquished.

Grand Total: 76 creatures vanquished

Notes
Turn   | Place    | Note
-------+----------+-------------------------------------------
     0 | D:1      | MachJacob the Naga Wizard began the quest for the Orb.
     0 | D:1      | Reached XP level 1. HP: 15/15 MP: 4/4
   172 | D:1      | Reached XP level 2. HP: 22/22 MP: 1/6
   548 | D:1      | Learned a level 2 spell: Call Imp
   714 | D:1      | Reached XP level 3. HP: 28/28 MP: 4/7
   756 | D:1      | Learned a level 3 spell: Conjure Flame
  1857 | D:2      | Reached XP level 4. HP: 30/36 MP: 9/9
  2410 | D:2      | Noticed Natasha
  2429 | D:2      | Killed Natasha
  2429 | D:2      | Reached XP level 5. HP: 24/42 MP: 1/10
  2465 | D:1      | Learned a level 3 spell: Mephitic Cloud
  2544 | D:2      | Noticed Natasha
  2552 | D:2      | Killed Natasha
  2583 | D:2      | Noticed Natasha
  2714 | D:2      | Killed Natasha
  3372 | D:3      | Reached skill level 1 in Poison Magic
  3763 | D:3      | Reached XP level 6. HP: 43/49 MP: 7/11
  4296 | D:4      | You fall into a shaft and drop 2 floors!
  4297 | D:6      | Noticed a phantom
  4308 | D:6      | Noticed a slave
  4404 | D:6      | Noticed a slave
  4414 | D:6      | Noticed a phantom
  4436 | D:6      | Slain by a phantom

Levels and vault maps discovered:
D:1:      dpeg_arrival_simpleton_b, layout_basic
D:2:      layout_basic, uniq_natasha
D:3:      layout_rooms
D:4:      layout_loops_corners, first_ration, minmay_statues_item,
          hangedman_decor_riveting, uniq_crazy_yiuf_cottage, uniq_edmund
D:6:      layout_loops_ring, minmay_temple_entry_butterflies, uniq_sigmund,
          uniq_pikel, uniq_eustachio

Skill      XL: |  1  2  3  4  5  6 |
---------------+-------------------+-----
Conjurations   | 2 3 |  3.0
Dodging        | 2 |  2.6
Summonings     | 2 3 |  3.0
Poison Magic   | 1 2 |  2.2
Stealth        | |  3.0
Spellcasting   | |  3.7
Translocations | |  1.0
Air Magic      | |  0.9

Action                   |  1- 3 |  4- 6 || total
-------------------------+-------+-------++-------
Melee: Club              |     2 |       ||     2
       Short sword       |    33 |    17 ||    50
 Cast: Magic Dart        |    93 |    94 ||   187
       Call Imp          |       |    21 ||    21
  Use: Scroll            |     2 |     8 ||    10
 Stab: Sleeping          |     1 |       ||     1
  Eat: Chunk             |     2 |     2 ||     4
       Ration            |       |     1 ||     1
Armor: Robe              |    13 |    12 ||    25
Dodge: Dodged            |    29 |    34 ||    63

Table legend:
 A = Non-vault XP
 B = Vault XP
 C = Vault XP percentage of total XP
 D = Non-vault monster count
 E = Vault monster count
 F = Vault count percentage of total count
                 A         B        C        D         E       F
            +---------+---------+-------+---------+---------+-------
      Total |     371 |      24 |   6.1 |      75 |       1 |   1.3
            +---------+---------+-------+---------+---------+-------
        D:1 |      71 |       0 |   0.0 |      34 |       0 |   0.0
        D:2 |     165 |      24 |  12.7 |      22 |       1 |   4.3
        D:3 |      94 |       0 |   0.0 |      17 |       0 |   0.0
        D:6 |      41 |       0 |   0.0 |       2 |       0 |   0.0
            +---------+---------+-------+---------+---------+-------
